AoeStats
← Nightfall

African Clearing

506514440Analyzed
3v3 RM · 19d ago on Sep 13, 2026· 30m 49s· 6 players
Game mode
Random Map
Map size
Normal (6 player)
Population
200
Speed
Normal
Resources
Standard
Victory
Conquest
Starting age
Dark Age
Ending age
Imperial Age
RankedLock teamsTeams togetherTeam positionsShared explorationLock speedFull tech treeHidden civsTurbo modeCheats
Victory
Defeat
🇫🇮 Franks · Finland
1741
+6
🇩🇪 Malay · Germany
1737
+7
🇦🇷 Muisca · Argentina
1525
+14
🇺🇸 Chinese · United States
1495
-9
🇺🇸 Berbers · United States
1495
-9
🇺🇸 Vietnamese · United States
1495
-9
sHeoG0ratH
14:30 Feudal Age
13:40 Loom
14:11 Loom
17:39 Castle Age
16:05 Double-Bit Axe
17:29 Fishing Lines
19:51 Horse Collar
20:42 Bow Saw
22:05 Gillnets
22:55 Gold Mining
23:08 Heavy Plow
23:52 Scale Barding Armor
25:19 Wheelbarrow
26:56 Husbandry
27:12 Forging
28:37 Iron Casting
[Gaucho] Crixsus
12:55 Feudal Age
11:58 Loom
14:16 Loom
16:56 Castle Age
16:35 Double-Bit Axe
16:41 Stone Mining
17:18 Gold Mining
19:01 Bow Saw
20:39 Gold Shaft Mining
21:31 Horse Collar
25:08 Fletching
25:57 Bodkin Arrow
26:08 Town Watch
26:47 Ballistics
26:32 Padded Archer Armor
27:58 Leather Archer Armor
29:43 Wheelbarrow
Sunset
9:00 Loom
11:22 Feudal Age
12:22 Double-Bit Axe
20:53 Castle Age
19:45 Scale Barding Armor
20:00 Gold Mining
21:59 Chain Barding Armor
26:03 Husbandry
29:19 Bow Saw
31:16 Forging
chris_p
3:00 Loom
12:34 Feudal Age
16:45 Castle Age
15:07 Double-Bit Axe
23:46 Fletching
26:04 Bodkin Arrow
Nightfall
4:47 Loom
5:56 Loom
13:26 Feudal Age
17:37 Castle Age
16:00 Double-Bit Axe
17:52 Wheelbarrow
17:20 Stone Mining
18:31 Horse Collar
22:43 Town Watch
26:03 Bow Saw
26:01 Heavy Plow
26:01 Fletching
28:23 Bodkin Arrow
28:29 Padded Archer Armor
28:53 Scale Barding Armor
29:07 Bloodlines
JPsi
7:59 Loom
14:29 Feudal Age
15:17 Town Watch
15:49 Double-Bit Axe
18:17 Castle Age
20:15 Fletching
21:58 Bow Saw
21:29 Horse Collar
27:17 Bodkin Arrow
Connection lost

Rejoining the realm…

Still unreachable

The connection could not be restored.

Session expired

The server has moved on; the page needs a fresh start.